 Dungeon Crawl Stone Soup version 0.32-a0-468-g38b2580584 (webtiles) character file.

Game seed: 15830263843108854426

1739068 ShangFenghuang the Heavyweight Champion (level 27, 409/409 (416) HPs)
             Began as a Troll Fighter on Feb 22, 2024.
             Was the Champion of Wu Jian.
             Escaped with the Orb
             ... and 3 runes on Feb 24, 2024!
             The game lasted 06:01:13 (65588 turns).

ShangFenghuang the Heavyweight Champion (TrFi)     Turns: 65588, Time: 06:01:13

HP:   409/409 (416) AC: 38    Str: 33    XL:     27
MP:   28/28         EV: 12    Int: 15    God:    Wu Jian [******]
Gold: 8458          SH: 32    Dex: 11    Spells: 17/34 levels left

rFire   + +          +
                       - Unarmed
rCold   + . .        V - +8 tower shield
rNeg    + . .        J - melded +0 troll leather armour
rPois   ∞            K - +2 hat {Int+3}
rElec   +            m - scarf "Wehorrujo" {repulsion, Fly rF+ Str+3 Int+2}
rCorr   +            (gloves unavailable)
SInv    .            (boots unavailable)
Will    ++...        S - amulet of reflection
Stlth   +            R - ring of protection from fire
HPRegen 1.68/turn    H - ring of protection from fire
MPRegen 0.21/turn

%: repel missiles, reflection
@: statue-form, resistant, flying, studying Spellcasting, lightly drained, very
slow
A: slow and powerful, torment resistance 1, boosted hp, large, unfitting armour,
claws 3, regeneration 1, (shaggy fur 1), (tough skin 1), clumsy 1, robust 1,
screaming 1, weak 1
0: Orb of Zot
}: 3/15 runes: decaying, silver, gossamer
a: Begin Untransformation, Renounce Religion, Wall Jump, Serpent's Lash,
Heavenly Storm


You escaped.
You worshipped Wu Jian.
Wu Jian was exalted by your worship.
You were a living statue of rough stone.
You visited 11 branches of the dungeon, and saw 51 of its levels.
You visited the Abyss 1 time.

You collected 10326 gold pieces.
You spent 1868 gold pieces at shops.

Inventory:

Missiles
 j - 14 silver javelins (quivered)
 z - 53 poisoned darts
 N - 97 large rocks
Armour
 b - a +0 kite shield
 m - the scarf "Wehorrujo" (worn) {repulsion, Fly rF+ Str+3 Int+2}
   (You found it on level 2 of the Realm of Zot)

   Str+3:     It affects your strength (+3).
   Int+2:     It affects your intelligence (+2).
   rF+:       It protects you from fire.
   Fly:       It grants you flight.
 s - the +0 tower shield of Wokod {Str+3}
   (You took it off Louise on level 3 of the Elven Halls)

   Str+3:     It affects your strength (+3).
 E - a +2 cloak of preservation
 J - a +0 troll leather armour (melded)
 K - a +2 hat of intelligence (worn)
 V - a +8 tower shield (worn)
Jewellery
 c - the amulet "Qipt" {Regen+ rCorr Int+5 Dex-4}
   (You found it on level 2 of the Depths)

   [amulet of regeneration]

   Int+5:     It affects your intelligence (+5).
   Dex-4:     It affects your dexterity (-4).
   Regen+:    It increases your rate of health regeneration.
   rCorr:     It protects you from acid and corrosion.
 h - a ring of see invisible
 o - the ring "Iresch" {rPois Will+ Int+6}
   (You found it on level 15 of the Dungeon)

   [ring of intelligence]

   Int+6:     It affects your intelligence (+6).
   rPois:     It protects you from poison Will+: It increases your willpower.
 B - a ring of flight
 C - the amulet "Gienov" {Spirit rC+ Will+ Dex+8}
   (You bought it in a shop on level 5 of the Vaults)

   [amulet of guardian spirit]

   Spirit:    It causes incoming damage to be divided between your reserves of
   health and magic.
   Dex+8:     It affects your dexterity (+8).
   rC+:       It protects you from cold.
   Will+:     It increases your willpower.
 H - a ring of protection from fire (right claw)
 O - a ring of protection from cold
 R - a ring of protection from fire (left claw)
 S - an amulet of reflection (around neck)
 W - a ring of willpower
 X - a ring of positive energy
Talismans
 f - a granite talisman (active)
 r - a talisman of death
Wands
 l - a wand of quicksilver (19)
 v - a wand of paralysis (46)
 w - a wand of mindburst (37)
 y - a wand of roots (22)
 G - a wand of polymorph (44)
 M - a wand of digging (10)
Scrolls
 i - 7 scrolls of vulnerability
 p - 11 scrolls of poison
 q - 4 scrolls of revelation
 x - 6 scrolls of teleportation
 I - 4 scrolls of fear
 T - 2 scrolls of immolation
 Y - a scroll of silence
 Z - 3 scrolls of fog
Potions
 a - 5 potions of enlightenment
 g - 9 potions of ambrosia
 k - 13 potions of lignification
 n - 10 potions of attraction
 t - 4 potions of magic
 A - 8 potions of curing
 F - 2 potions of mutation
 P - a potion of resistance
 U - 2 potions of cancellation
Miscellaneous
 u - a lightning rod (4/4)
 D - a phantom mirror


   Skills:
 + Level 20.2 Fighting
 - Level 9.9 Dodging
 + Level 17.0 Shields
 O Level 27 Unarmed Combat
 - Level 4.4 Spellcasting
 - Level 11.1 Translocations
 - Level 4.4 Air Magic
 + Level 23.6 Shapeshifting


You had 17 spell levels left.
You knew the following spells:

 Your Spells              Type           Power      Damage    Failure   Level
a - Lesser Beckoning      Tloc           72%        N/A       1%          2
b - Apportation           Tloc           72%        N/A       1%          1
c - Vhi's Electric Charg  Tloc/Air       52%        N/A       12%         4
d - Passage of Golubria   Tloc           36%        N/A       3%          4
e - Manifold Assault      Tloc           36%        N/A       3%          4
f - Blink                 Tloc           72%        N/A       1%          2

Your spell library contained the following spells:

 Spells                   Type           Power      Damage    Failure   Level
 Gell's Gravitas          Tloc           36%        N/A       1%          3
 Teleport Other           Tloc           36%        N/A       1%          3
 Momentum Strike          Conj/Tloc      38%        3d9       4%          2
 Static Discharge         Conj/Air       18%        3-4/arc   19%         2
 Cigotuvi's Dreadful Rot  Necr/Alch/Air  14%        N/A       26%         2
 Foxfire                  Conj/Fire      12%        2x1d4     30%         1
 Kiss of Death            Conj/Necr      12%        2d6       30%         1
 Sting                    Conj/Alch      12%        1d3       30%         1
 Dimensional Bullseye     Hex/Tloc       9%         N/A       30%         4
 Iskenderun's Mystic Bla  Conj/Tloc      19%        2d6       30%         4
 Jinxbite                 Hex            6%         N/A       41%         2
 Scorch                   Fire           6%         2d5       41%         2
 Airstrike                Air            8%         2d(2-18)  43%         4
 Dispersal                Tloc           18%        N/A       43%         6
 Call Canine Familiar     Summ           3%         N/A       65%         3
 Frozen Ramparts          Ice            6%         1d1       65%         3
 Fugue of the Fallen      Necr           3%         N/A       65%         3
 Inner Flame              Hex/Fire       3%         N/A       65%         3
 Ozocubu's Armour         Ice            3%         N/A       65%         3
 Passwall                 Erth           3%         N/A       65%         3
 Sigil of Binding         Hex            3%         N/A       65%         3
 Summon Ice Beast         Ice/Summ       3%         N/A       65%         3
 Tukima's Dance           Hex            3%         N/A       65%         3
 Summon Forest            Summ/Tloc      9%         N/A       65%         5
 Summon Lightning Spire   Summ/Air       9%         N/A       77%         4
 Animate Dead             Necr           3%         N/A       96%         4
 Cause Fear               Hex            1%         N/A       96%         4
 Dispel Undead            Necr           3%         3d7       96%         4
 Flame Wave               Conj/Fire      3%         2d5       96%         4
 Leda's Liquefaction      Alch/Erth      1%         N/A       96%         4
 Martyr's Knell           Necr/Summ      3%         N/A       96%         4
 Petrify                  Alch/Erth      3%         N/A       96%         4
 Sticky Flame             Fire/Alch      3%         2d4       96%         4
 Arcjolt                  Conj/Air       4%         1d14      98%         5
 Silence                  Hex/Air        4%         N/A       98%         5
 Freezing Cloud           Conj/Ice/Air   3%         6-21      99%         5
 Alistair's Intoxication  Alch           2%         N/A       100%        5
 Borgnjor's Vile Clutch   Necr/Erth      1%         N/A       100%        5
 Fireball                 Conj/Fire      1%         3d3       100%        5
 Irradiate                Conj/Alch      1%         3d12      100%        5
 Metabolic Englaciation   Hex/Ice        1%         N/A       100%        5
 Summon Mana Viper        Hex/Summ       3%         N/A       100%        5
 Death Channel            Necr           1%         N/A       100%        6
 Plasma Beam              Fire/Air       4%         2x1d14    100%        6
 Sculpt Simulacrum        Ice/Alch       1%         N/A       100%        6
 Starburst                Conj/Fire      1%         6d3       100%        6
 Enfeeble                 Hex            1%         N/A       100%        7
 Haunt                    Necr/Summ      1%         N/A       100%        7
 Malign Gateway           Summ/Tloc      9%         N/A       100%        7
 Monstrous Menagerie      Summ           1%         N/A       100%        7
 Ozocubu's Refrigeration  Ice            1%         4d7       100%        7
 Spellforged Servitor     Conj/Summ      1%         N/A       100%        7
 Summon Hydra             Summ           1%         N/A       100%        7
 Borgnjor's Revivificati  Necr           1%         N/A       100%        8
 Disjunction              Tloc           18%        N/A       100%        8
 Ignition                 Fire           1%         3d3       100%        8
 Infestation              Necr           1%         N/A       100%        8
 Lehudib's Crystal Spear  Conj/Erth      1%         10d2      100%        8
 Summon Horrible Things   Summ           1%         N/A       100%        8
 Death's Door             Necr           1%         N/A       100%        9
 Dragon's Call            Summ           1%         N/A       100%        9
 Polar Vortex             Ice            1%         N/A       100%        9
 Sublimation of Blood     Necr           Unusable   N/A       N/A         2

Dungeon Overview and Level Annotations

Branches:
Dungeon (15/15)            Temple (1/1) D:6            Lair (5/5) D:10
  Swamp (4/4) Lair:3       Spider (4/4) Lair:2        Slime (0/5) Lair:5
    Orc (2/2) D:12            Elf (3/3) Orc:2        Vaults (5/5) D:14
  Crypt (3/3) Vaults:2       Tomb (0/3) Crypt:3      Depths (4/4) D:15
    Zot (5/5) Depths:4

Altars:
Ashenzari
Cheibriados
Dithmenos
Elyvilon
Fedhas
Gozag
Hepliaklqana
Kikubaaqudgha
Makhleb
Nemelex Xobeh
Okawaru
Qazlal
Ru
Sif Muna
Trog
Uskayaw
Vehumet
Wu Jian
Xom
Yredelemnul
Zin
The Shining One
Beogh
Lugonu

Shops:
D:4 *   D:10 =   D:13 =   Orc:2 [*(:   Elf:1 !([[(   Elf:3 (   Vaults:2 (
Vaults:5 :[=??!:   Depths:1 =[[

Portals:
Hell: Depths:1 Depths:2 Depths:3 Depths:4
Abyss: Depths:3
Pandemonium: Depths:2 Depths:3
Ziggurat: Depths:4

Annotations:
D:3 Grinder
D:15 2 transporters
Temple 2 transporters
Lair:2 2 transporters, Lorucwy's ghost, journeyman OnFE
Swamp:2 Roxanne
Elf:2 2 transporters, Famehell's ghost, journeyman OpSh


Innate Abilities, Weirdness & Mutations

You are a living statue of rough stone.
Your actions are slow, but your melee attacks are powerful.
You are resistant to unholy torment.
Your maximum health is greatly increased.
Your equipment is partially melded.
You are too large for most types of armour.
You are immune to poison.
You have claws for hands.
Your natural rate of healing is unusually fast.
((You are covered in fur. (AC +1)))
((You have tough skin. (AC +1)))
You are clumsy. (Dex -2)
You are robust. (+10% HP)
You occasionally shout uncontrollably at your foes.
You are weak. (Str -2)


Message History

You block the large abomination's attack.
The large abomination attacks as it pursues you!
You block the large abomination's attack.
You block the large abomination's attack.
You see here a hobgoblin skeleton.
The large abomination attacks as it pursues you!
You block the large abomination's attack. x2
You see here 4 stones.
Boihoc gestures.
You block the large abomination's attack.
Boihoc gestures.
An Executioner comes into view.
The large abomination disappears in a puff of smoke! x2
The Executioner gestures.
The Executioner seems to speed up.
The large abomination attacks as it pursues you!
You block the large abomination's attack. x2
There is an open door here.
You lunge at the Executioner, in a flurry of attacks.
You eviscerate the Executioner!!!
The Executioner is almost dead.
You miss the Executioner.
The Executioner is almost dead.
You block the Executioner's attack. x4
The Executioner hits you but does no damage.
The Executioner hits you.
The Executioner hits you but does no damage.
The Executioner barely misses you.
The Executioner hits you but does no damage.
The Executioner barely misses you. The Executioner closely misses you.
The Executioner hits you but does no damage. x3
The Executioner hits you.
You eviscerate the Executioner!!!
You kill the Executioner!
The Council accepts your kill.
You block the large abomination's attack.
There is an open door here.
There is an open door here.
There is a staircase leading out of the dungeon here.
You have escaped!

#.#...#.#.#..X.X...............#
#.#####.##.X#########..#######.#
#.......#X.##.....≈.##..## #.#
########.§##.#######.##X.#####+##
..######.X#.##.....##.##.#.......
......##.#&##.#####.##.#.#.......
......##.#.#.#'...##.#.#.#.......
......##.#X#.#.##'.#.#.#.#.......
..^...##.#.#≈#.#I#.#.#.#.#.......
....†.##.#.#X#.###.#.#.#.........
#†######.#.X&##.≈.##.#.#..####'##
#.# #.#.##.#####.##.#.###...#
#.######.##.##.....##.##.##..###
#......#..##.#######.##.....##
#..###.##..##.......##.....##
#..# #.###..#####.###..#.### #..#
#.# ##..............#


There were no monsters in sight!

Vanquished Creatures
  2 pandemonium lords (Zot:5)
  Frederick (Depths:4)
  4 dread liches (Zot:5)
  5 ancient liches
  Mennas (Vaults:3)
  5 orbs of fire
  Mara (Depths:2)
  A juggernaut (Depths:3)
  Saint Roka (Depths:1)
  8 Killer Klowns (Zot:5)
  A caustic shrike (Depths:3)
  A curse toe (Zot:4)
  Arachne (Spider:2)
  Nikola (Spider:1)
  18 golden dragons
  Norris (Depths:1)
  A bone dragon (Depths:4)
  A Tzitzimitl (D:15)
  A Brimstone Fiend (Zot:4)
  5 electric golems
  A shard shrike zombie (Swamp:4)
  2 Hell Sentinels
  12 tentacled monstrosities
  31 Orb Guardians
  Jorgrun (Orc:2)
  Zenata (Vaults:1)
  A walking crystal tome (Depths:2)
  Mlioglotl (Spider:2)
  8 quicksilver dragons
  3 sphinxes
  2 walking earthen tomes
  6 titans
  2 walking divine tomes (Depths:2)
  A walking frostbound tome (Depths:3)
  2 deep elf blademasters (Elf:3)
  3 liches
  2 deep elf master archers (Elf:3)
  8 death cobs
  3 Executioners
  Kirke (Lair:5)
  7 ancient champions
  16 shadow dragons
  7 tengu reavers
  3 thorn hunters
  Agnes (Spider:2)
  2 revenants
  Aizul (Spider:1)
  11 storm dragons
  2 protean progenitors (Zot:2)
  9 fire giants
  A demonspawn warmonger (Depths:2)
  4 draconian shifters
  Donald (Spider:1)
  7 deep elf sorcerers (Elf:3)
  4 draconian knights
  11 frost giants
  6 emperor scorpions
  Louise (Elf:3)
  2 balrugs (Crypt:3)
  24 vault wardens
  6 draconian monks
  4 draconian scorchers
  5 deep elf elementalists (Elf:3)
  4 ghost moths
  3 iron dragons (Vaults:5)
  5 orc warlords
  2 spriggan defenders (Depths:3)
  2 curse skulls
  6 ghouls
  2 quicksilver oozes
  19 ironbound preservers
  3 draconian stormcallers (Zot:4)
  10 very ugly things
  3 formless jellyfish
  A broodmother (Spider:3)
  5 draconian annihilators
  5 cacodemons
  A demonspawn corrupter (Depths:2)
  A caustic shrike skeleton (Depths:3)
  7 deep elf demonologists
  4 vampire knights
  5 ironbound thunderhulks
  4 eleionomae (Swamp:2)
  9 white draconians
  9 green draconians
  20 stone giants
  A lorocyproca (Abyss:2)
  5 deep elf death magi (Elf:3)
  3 bunyips
  14 spark wasps
  11 deep elf annihilators
  12 black draconians
  Azrael (Spider:1)
  7 yellow draconians
  4 dire elephants (Vaults:1)
  7 war gargoyles
  7 eidola
  6 purple draconians
  8 red draconians
  10 ettins
  A quicksilver dragon zombie (Crypt:2)
  3 entropy weavers
  A crystal guardian (Abyss:2)
  15 yaktaur captains
  3 jiangshi (Crypt:2)
  9 fire dragons
  A spriggan zombie (Abyss:2)
  A shambling mangrove (Swamp:3)
  5 deep elf high priests
  An entropy weaver (shapeshifter) (D:15)
  4 great orbs of eyes
  Josephine (Orc:2)
  A caustic shrike simulacrum (Crypt:2)
  4 ghost crabs
  12 alligators
  10 spriggan air magi
  Erolcha (D:10)
  9 ice dragons
  40 vault guards
  22 hydras
  4 peacekeepers
  5 jorogumos
  4 rakshasas
  A hell beast (Depths:4)
  5 ogre magi
  6 boulder beetles
  A juggernaut simulacrum (Crypt:1)
  2 radroaches
  A catoblepas (D:15)
  7 death knights
  9 ironbound frosthearts
  8 centaur warriors
  15 dancing weapons
  5 two-headed ogres
  A sphinx skeleton (Depths:3)
  8 deep troll shamans
  3 tengu warriors
  13 death yaks
  A hell hog (Depths:4)
  7 orc high priests
  6 demonic crawlers
  8 vampire magi
  6 spriggan berserkers
  5 deep troll earth magi
  Nergalle (Lair:1)
  2 occultists
  7 deep elf knights
  A sun demon (Depths:2)
  4 skysharks
  A titan skeleton (Crypt:3)
  A soul eater (Crypt:2)
  A spark wasp zombie (Crypt:2)
  A skyshark (shapeshifter) (Vaults:5)
  A wretched star (Abyss:2)
  Sonja (Orc:2)
  27 hell knights
  3 shadow wraiths
  7 goliath frogs
  20 skeletal warriors
  A bunyip zombie (Crypt:2)
  9 pharaoh ants
  A storm dragon skeleton (Crypt:1)
  2 sea snakes (shapeshifter)
  A quicksilver dragon simulacrum (Depths:4)
  3 sixfirhies
  49 deep trolls
  2 sun moths (Spider:3)
  6 iron trolls
  12 swamp dragons
  2 spriggan druids
  12 deep elf archers
  Lodul (D:13)
  9 flayed ghosts
  A kraken simulacrum (Swamp:4)
  A deep troll (shapeshifter) (Vaults:5)
  18 bog bodies
  5 glowing orange brains
  8 orb spiders (Spider:4)
  8 arcanists
  An iron giant skeleton (Crypt:3)
  A spriggan simulacrum (Crypt:2)
  2 golden dragon skeletons
  16 lindwurms
  10 necromancers
  An alligator zombie (Crypt:2)
  21 phantasmal warriors
  20 orc knights
  13 harpies
  32 deep elf zephyrmancers
  28 ugly things
  3 cyclopes
  12 ironbound convokers
  5 steelbarb worms
  28 deep elf pyromancers
  24 wolf spiders
  5 large abominations
  A bunyip skeleton (Crypt:3)
  An iron dragon zombie (Crypt:1)
  7 orc sorcerers
  2 harpies (shapeshifter)
  A faun (shapeshifter) (Vaults:5)
  4 will-o-the-wisps
  A manticore (shapeshifter) (Vaults:5)
  2 manticores (D:15)
  A frost giant zombie (Depths:3)
  2 salamanders (shapeshifter) (Vaults:5)
  A frost giant skeleton (Crypt:1)
  A goliath frog zombie (Crypt:2)
  16 elephants
  26 moths of wrath
  2 kobold blastminers
  2 guardian serpents (D:14)
  15 vault sentinels
  5 black mambas
  10 meliai
  A fire giant skeleton (Crypt:2)
  2 rust devils
  An eye of devastation (Lair:5)
  A cane toad (shapeshifter) (Abyss:2)
  4 torpor snails
  20 cane toads
  3 orange demons
  5 gargoyles
  3 smoke demons
  2 centaur skeletons
  An iron troll zombie (Crypt:1)
  A hellion (D:2)
  4 rime drakes
  2 efreet
  A rime drake (shapeshifter) (Depths:3)
  2 unseen horrors
  An alligator snapping turtle skeleton (Crypt:2)
  9 komodo dragons
  13 freezing wraiths
  An ancient zyme (Abyss:2)
  28 yaktaurs
  A purple draconian skeleton (Crypt:1)
  3 guardian mummies (Crypt:3)
  A yaktaur (shapeshifter) (D:15)
  8 tengu conjurers
  4 polar bears
  A merfolk (shapeshifter) (Vaults:5)
  5 trolls
  2 tormentors
  A harpy zombie (Crypt:1)
  2 bloated husks (Swamp:4)
  2 hydra skeletons (Swamp:4)
  21 tarantellas
  9 tyrant leeches
  16 hornets
  A hornet (shapeshifter) (Depths:4)
  2 raiju (Abyss:2)
  5 glass eyes
  33 slime creatures
  36 jumping spiders
  37 blink frogs
  3 air elementals
  20 culicivoras
  5 spriggan skeletons
  8 spriggans
  23 wraiths
  3 ynoxinuls (Abyss:2)
  14 water elementals
  18 humans (D:14)
  2 small abominations (Abyss:2)
  2 vampires (D:11)
  7 wyverns
  7 hogs (Lair:5)
  2 shadows
  38 yaks
  2 basilisks
  6 fire elementals
  3 wargs
  19 vampire mosquitoes
  A steam dragon (shapeshifter) (D:15)
  33 redbacks
  3 chaos spawn
  A naga (shapeshifter) (Vaults:5)
  11 swamp worms
  17 water moccasins
  3 hell hounds
  8 swamp drakes
  4 ice beasts
  2 black bears
  43 orc warriors
  25 laughing skulls
  A tengu (shapeshifter) (D:15)
  11 ogres
  2 dream sheep skeletons (Crypt:1)
  6 centaurs
  A swamp dragon skeleton (Crypt:1)
  22 wolves
  4 kobold brigands
  15 bullfrogs
  An earth elemental (Elf:1)
  2 gnoll sergeants
  2 scorpions (D:5)
  15 wights
  A polar bear zombie (Crypt:1)
  15 killer bees
  9 electric eels
  3 bombardier beetles
  6 howler monkeys
  4 jellies
  A quasit (Abyss:2)
  4 hounds
  28 orc priests
  An iron imp (Abyss:2)
  10 starcursed masses (Abyss:2)
  9 hell rats
  3 iguanas
  A sleepcap (D:5)
  29 orc wizards
  3 boggart skeletons (Crypt:2)
  8 mummies (Crypt:3)
  Robin (D:4)
  13 gnolls
  6 adders
  A swamp drake zombie (Crypt:2)
  A shadow imp (D:5)
  4 white imps
  4 dart slugs
  A ribbon worm (D:3)
  103 orcs
  11 ball pythons
  11 endoplasms
  4 giant cockroaches
  19 goblins
  4 hobgoblins
  6 jackals
  5 quokkas
  A river rat zombie (Crypt:1)
  7 bats
  A frilled lizard (D:1)
  A goblin skeleton (Crypt:2)
  13 kobolds
  A quokka skeleton (Crypt:2)
  4 rats
  2 aspiring fleshes (Zot:2)
2407 creatures vanquished.

Vanquished Creatures (collateral kills)
  Asterion (Spider:2)
  A steelbarb worm (Spider:3)
  A troll (Orc:2)
  2 jumping spiders (Spider:3)
  A culicivora (Spider:3)
6 creatures vanquished.

Vanquished Creatures (others)
  An eleionoma (Swamp:3)
  A vault guard (Vaults:5)
  3 deep elf knights (Elf:1)
  A deep elf pyromancer (Elf:3)
  7 bloated husks
  2 hornets (Swamp:3)
  An air elemental (Elf:3)
  A ynoxinul (Abyss:2)
  2 redbacks
  A bullfrog (D:9)
  A hell rat (Lair:3)
  An ufetubus (Abyss:2)
  An orc (Orc:2)
  20 foxfires
  5 tentacles (Swamp:4)
48 creatures vanquished.

Grand Total: 2461 creatures vanquished

Notes
Turn   | Place    | Note
-------+----------+-------------------------------------------
     0 | D:1      | ShangFenghuang the Troll Fighter began the quest for the
                  | Orb.
     0 | D:1      | Reached XP level 1. HP: 22/22 MP: 0/0
   235 | D:1      | Reached XP level 2. HP: 29/29 MP: 1/1
  1188 | D:2      | Found a faded altar of an unknown god.
  1229 | D:2      | Reached XP level 3. HP: 36/36 MP: 2/2
  1300 | D:2      | Reached skill level 3 in Unarmed Combat
  2208 | D:3      | Reached XP level 4. HP: 44/44 MP: 3/3
  2225 | D:3      | Noticed Grinder
  2556 | D:3      | Paralysed by Grinder for 5 turns
  2853 | D:4      | Found Foci's Assorted Antiques.
  3037 | D:4      | Noticed a black bear
  3075 | D:4      | Reached XP level 5. HP: 53/53 MP: 4/4
  3250 | D:4      | Noticed Robin
  3275 | D:4      | Killed Robin
  3284 | D:4      | Reached skill level 4 in Unarmed Combat
  3322 | D:4      | Killed a black bear
  3323 | D:4      | Reached XP level 6. HP: 57/61 MP: 5/5
  3362 | D:4      | Found a shimmering blue altar of Sif Muna.
  3363 | D:4      | Found a burning altar of Makhleb.
  3629 | D:4      | Noticed an orc warrior
  3645 | D:4      | Killed an orc warrior
  3919 | D:5      | Entered Level 5 of the Dungeon
  4022 | D:5      | Reached skill level 5 in Unarmed Combat
  4025 | D:5      | Reached XP level 7. HP: 63/67 MP: 6/6
  4072 | D:5      | Noticed a wraith
  4080 | D:5      | Killed a wraith
  4337 | D:5      | Reached skill level 6 in Unarmed Combat
  4480 | D:5      | Reached XP level 8. HP: 78/78 MP: 7/7
  4677 | D:5      | Reached skill level 5 in Shields
  4975 | D:5      | Reached skill level 7 in Unarmed Combat
  5122 | D:6      | Found an iron altar of Okawaru.
  5677 | D:6      | Reached skill level 5 in Dodging
  5677 | D:6      | Reached XP level 9. HP: 80/87 MP: 8/8
  5846 | D:6      | Found a staircase to the Ecumenical Temple.
  5855 | Temple   | Found a transporter.
  5855 | Temple   | Found a transporter.
  5855 | Temple   | Found a transporter.
  5855 | Temple   | Found a transporter.
  5855 | Temple   | Entered the Ecumenical Temple
  5867 | Temple   | Became a worshipper of the Wu Jian Council
  6161 | D:7      | Reached skill level 5 in Fighting
  6264 | D:7      | Reached skill level 8 in Unarmed Combat
  6666 | D:7      | You fall into a shaft and drop 2 floors!
  7215 | D:7      | Reached * piety under Wu Jian
  7216 | D:7      | Reached skill level 9 in Unarmed Combat
  7753 | D:8      | Reached XP level 10. HP: 81/98 MP: 9/9
  8888 | D:9      | Identified the +6 war axe of Disarray {drain, rF- Will-
                  | rCorr Dex+7}
  9351 | D:9      | Reached skill level 10 in Unarmed Combat
  9445 | D:9      | Found a stormy altar of Qazlal.
  9544 | D:10     | Entered Level 10 of the Dungeon
  9578 | D:10     | Reached ** piety under Wu Jian
  9745 | D:10     | Found a white marble altar of Elyvilon.
 10039 | D:10     | Found a staircase to the Lair.
 10358 | D:10     | Noticed Erolcha
 10366 | D:10     | Killed Erolcha
 10367 | D:10     | Reached skill level 11 in Unarmed Combat
 10367 | D:10     | Reached XP level 11. HP: 107/107 MP: 10/10
 10697 | D:10     | Found Qyiw's Jewellery Shop.
 11573 | D:11     | Noticed a two-headed ogre
 11598 | D:11     | Killed a two-headed ogre
 12416 | D:12     | Reached *** piety under Wu Jian
 12452 | D:12     | Found a staircase to the Orcish Mines.
 12910 | D:12     | Reached skill level 12 in Unarmed Combat
 12942 | D:12     | Noticed a deep elf pyromancer
 12946 | D:12     | Killed a deep elf pyromancer
 13529 | D:12     | Found a glowing golden altar of the Shining One.
 13766 | Lair:1   | Entered Level 1 of the Lair of Beasts
 14385 | Lair:1   | Reached **** piety under Wu Jian
 14419 | Lair:1   | Reached XP level 12. HP: 119/119 MP: 11/11
 14473 | Lair:1   | Reached skill level 1 in Shapeshifting
 14886 | Lair:2   | Noticed Nergalle
 14905 | Lair:1   | Killed Nergalle
 14906 | Lair:1   | Reached skill level 5 in Shapeshifting
 15311 | Lair:2   | Found a transporter.
 15390 | Lair:2   | Noticed Lorucwy's ghost (journeyman OnFE)
 15525 | Lair:2   | Found a hole to the Spider Nest.
 15625 | Lair:2   | Found a bloodstained altar of Trog.
 15633 | Lair:2   | Found a transporter.
 16093 | Lair:3   | Found a staircase to the Swamp.
 16150 | Lair:3   | Noticed a death yak
 16151 | Lair:3   | Noticed a death yak
 16440 | Lair:3   | Noticed a death yak
 16938 | Lair:3   | Reached ***** piety under Wu Jian
 17057 | Lair:3   | Killed a death yak
 17090 | Lair:3   | Noticed a death yak
 17090 | Lair:3   | Noticed a death yak
 17118 | Lair:3   | Killed a death yak
 17119 | Lair:3   | Reached XP level 13. HP: 88/127 MP: 12/12
 17142 | Lair:3   | Reached skill level 10 in Shapeshifting
 18901 | Lair:5   | Entered Level 5 of the Lair of Beasts
 19427 | Lair:5   | Reached ****** piety under Wu Jian
 19428 | Lair:5   | Reached XP level 14. HP: 135/135 MP: 13/13
 19500 | Lair:5   | Found a staircase to the Slime Pits.
 19763 | Lair:5   | Reached skill level 15 in Shapeshifting
 19908 | Lair:5   | Noticed Kirke
 19925 | Lair:5   | Killed Kirke
 20101 | Lair:5   | Identified the +5 shortbow of Ragnarok {drain, rPois Int+7
                  | Dex-4}
 20732 | Orc:1    | Entered Level 1 of the Orcish Mines
 20733 | Orc:1    | Noticed an orc warlord
 20959 | D:13     | Found Zoavvok's Jewellery Boutique.
 20966 | D:13     | Bought an amulet of reflection for 420 gold pieces
 21664 | D:13     | Noticed Lodul
 21674 | D:13     | Killed Lodul
 22485 | D:14     | Found a gate to the Vaults.
 23322 | D:14     | Reached XP level 15. HP: 143/143 MP: 14/14
 23602 | D:15     | Entered Level 15 of the Dungeon
 23644 | D:15     | Found a staircase to the Depths.
 23714 | D:15     | Identified the +2 helmet of Muttered Phrases {rElec Slay+2
                  | Stlth+}
 23817 | D:15     | Found a blossoming altar of Fedhas.
 24003 | D:15     | Found a transporter.
 24003 | D:15     | Noticed a tengu reaver
 24011 | D:15     | Killed a tengu reaver
 24027 | D:15     | Identified the +10 trident of Iffo {flame, Str+2}
 24027 | D:15     | Identified the ring of the Eleven Beggars {rC- rN+ Str+4
                  | Dex+9 Slay-5}
 24152 | D:15     | Found an ornate altar of the Wu Jian Council.
 24358 | D:15     | Identified the ring of Ciurpharch {AC+4 Int+5}
 24403 | D:15     | Found a shimmering altar of Xom.
 24404 | D:15     | Paralysed by an ogre mage for 3 turns
 24560 | D:15     | Found a transporter.
 24720 | D:15     | Identified the ring "Iresch" {rPois Will+ Int+6}
 25004 | D:12     | Reached XP level 16. HP: 150/150 MP: 15/15
 25633 | Orc:2    | Entered Level 2 of the Orcish Mines
 25804 | Orc:2    | Noticed Sonja
 25813 | Orc:2    | Killed Sonja
 25828 | Orc:2    | Noticed Josephine
 25838 | Orc:2    | Killed Josephine
 25843 | Orc:2    | Reached skill level 13 in Unarmed Combat
 25981 | Orc:2    | Found a staircase to the Elven Halls.
 26108 | Orc:2    | Found Qizol's Antique Armour Shoppe.
 26109 | Orc:2    | Found Zuetozoi's Antique Weapon Shoppe.
 26111 | Orc:2    | Found Utwowk's General Store.
 26111 | Orc:2    | Found Loneedur's Book Emporium.
 26138 | Orc:2    | Learned a level 2 spell: Lesser Beckoning
 26140 | Orc:2    | Learned a level 1 spell: Apportation
 26318 | Orc:2    | Noticed Jorgrun
 26324 | Orc:2    | Killed Jorgrun
 26344 | Orc:2    | Reached skill level 1 in Translocations
 26670 | Swamp:1  | Entered Level 1 of the Swamp
 26692 | Swamp:1  | Reached skill level 1 in Spellcasting
 28020 | Swamp:2  | Found a blossoming altar of Fedhas.
 28141 | Swamp:2  | Noticed a thorn hunter
 28148 | Swamp:2  | Killed a thorn hunter
 28448 | Swamp:2  | Noticed Roxanne
 29318 | Swamp:3  | Reached XP level 17. HP: 161/161 MP: 20/20
 29391 | Swamp:3  | Identified the +1 halberd "Trog's Righteous Fury" {venom,
                  | rPois rN+ Int+3 Stlth+}
 29812 | Swamp:4  | Entered Level 4 of the Swamp
 30439 | Swamp:4  | Reached skill level 14 in Unarmed Combat
 30544 | Swamp:4  | Got a decaying rune of Zot
 30875 | Swamp:4  | Identified the +4 ring mail "Riluh" {rN+ Stlth+}
 31738 | Spider:1 | Entered Level 1 of the Spider Nest
 31777 | Spider:1 | Reached skill level 10 in Shields
 31894 | Spider:1 | Identified the serpent talisman of Icobi {rElec SInv
                  | Stlth+}
 31894 | Spider:1 | Noticed Aizul
 31905 | Spider:1 | Killed Aizul
 32005 | Spider:1 | Noticed Azrael
 32012 | Spider:1 | Killed Azrael
 32064 | Spider:1 | Noticed Nikola
 32077 | Spider:1 | Killed Nikola
 32078 | Spider:1 | Reached skill level 15 in Unarmed Combat
 32172 | Spider:1 | Noticed Donald
 32180 | Spider:1 | Killed Donald
 32295 | Spider:1 | You fall into a shaft and drop 1 floor!
 32299 | Spider:2 | Noticed Asterion
 32307 | Spider:2 | Killed Asterion
 32381 | Spider:2 | Reached XP level 18. HP: 172/172 MP: 21/21
 32500 | Spider:2 | Noticed Agnes
 32521 | Spider:2 | Noticed Mlioglotl
 32708 | Abyss:2  | Cast into level 2 of the Abyss (Agnes)
 32887 | Abyss:2  | Gained mutation: You have hidden genetic potential. [potion
                  | of mutation]
 32887 | Abyss:2  | Gained mutation: Your muscles are strong. (Str +4, Int/Dex
                  | -1) [potion of mutation]
 32888 | Abyss:2  | Noticed a Hell Sentinel
 32894 | Abyss:2  | Killed a Hell Sentinel
 32952 | Abyss:2  | Found a corrupted altar of Lugonu.
 33001 | Abyss:2  | Paralysed by accursed screaming for 1 turns
 33036 | Spider:2 | Escaped the Abyss
 33045 | Spider:2 | Killed Agnes
 33163 | Spider:2 | Noticed Arachne
 33167 | Spider:2 | Killed Mlioglotl
 33182 | Spider:2 | Killed Arachne
 33293 | Spider:2 | Identified the +3 rapier "Kuleck" {freeze, rF- Will- Int+4
                  | Dex+8}
 33447 | Spider:3 | Reached skill level 10 in Fighting
 33471 | Spider:3 | HP: 8/226 [burnt (12)]
 33901 | Spider:3 | Reached skill level 16 in Unarmed Combat
 34615 | Spider:4 | Entered Level 4 of the Spider Nest
 35389 | Spider:4 | Learned a level 4 spell: Vhi's Electric Charge
 36369 | Spider:4 | Reached XP level 19. HP: 184/184 MP: 22/22
 36972 | Spider:4 | Got a gossamer rune of Zot
 37102 | Spider:4 | Gained mutation: You are agile. (Dex +4, Str/Int -1)
                  | [hidden potential]
 37420 | Vaults:1 | Entered Level 1 of the Vaults
 37726 | Vaults:1 | Reached skill level 5 in Translocations
 38272 | Vaults:1 | Noticed Zenata
 38282 | Vaults:1 | Killed Zenata
 38283 | Vaults:1 | Reached skill level 1 in Air Magic
 39355 | Vaults:2 | Found Otayte Sehir's Antique Weapon Emporium.
 39929 | Vaults:2 | Reached XP level 20. HP: 193/193 MP: 25/25
 39943 | Vaults:2 | Upgraded the game from 0.32-a0-433-g08bcfe7efd to
                  | 0.32-a0-450-g080537f31e
 40319 | Vaults:2 | Gained mutation: You heal very quickly. [hidden potential]
 40319 | Vaults:2 | Lost mutation: You have hidden genetic potential. [hidden
                  | potential expressed]
 41072 | Vaults:2 | Found a staircase to the Crypt.
 41205 | Vaults:2 | Reached skill level 10 in Translocations
 41216 | Vaults:2 | Found a roughly hewn altar of Beogh.
 41378 | Vaults:3 | Noticed Mennas
 41419 | Vaults:3 | Killed Mennas
 41621 | Vaults:3 | Found a magical portal.
 42275 | Vaults:3 | Reached skill level 17 in Unarmed Combat
 43787 | Elf:1    | Entered Level 1 of the Elven Halls
 43987 | Elf:1    | Reached XP level 21. HP: 202/202 MP: 26/26
 43996 | Elf:1    | Got the Tome of Phantasms
 44119 | Elf:1    | Found Calymokk's Weapon Emporium.
 44122 | Elf:1    | Found Hegetekia's Antique Armour Emporium.
 44122 | Elf:1    | Found Raint's Armour Shoppe.
 44125 | Elf:1    | Found Sodumua's Weapon Shoppe.
 44381 | Elf:1    | Found Suidi's Distillery.
 44394 | Elf:1    | Bought a potion of cancellation for 112 gold pieces
 44825 | Elf:2    | Reached skill level 18 in Unarmed Combat
 44864 | Elf:2    | Found a runed translucent gate.
 44864 | Elf:2    | Found a runed translucent gate.
 44864 | Elf:2    | Found a runed translucent gate.
 44933 | Elf:2    | Found a transporter.
 44938 | Elf:2    | Found a transporter.
 44940 | Elf:2    | Noticed Famehell's ghost (journeyman OpSh)
 45137 | Elf:3    | Entered Level 3 of the Elven Halls
 45137 | Elf:3    | Found Okhli's Antique Weapon Shop.
 45326 | Elf:3    | Identified the +0 tower shield of Wokod {Str+3}
 45326 | Elf:3    | Noticed Louise
 45331 | Elf:3    | Killed Louise
 45766 | Elf:3    | Identified the +9 scimitar of the Forgotten Ships {speed,
                  | *Noise Will+ Dex+2}
 45886 | Elf:3    | Identified the amulet of Xahoep {Faith Will+ Str+3 Stlth+}
 45914 | Elf:3    | HP: 15/399 [deep elf annihilator/iron shot (44)]
 46089 | Elf:3    | Got the Octavo of Frigid Omens
 46128 | Elf:3    | Identified the +0 chain mail "Umupat" {Harm Will++ Str+3
                  | Dex-5}
 46130 | Elf:3    | Identified the +2 long sword of Jilupoot {freeze, Str+3}
 46149 | Elf:3    | Identified the +1 battleaxe "Haeci" {drain, rC++ Str+2
                  | Dex+3}
 46155 | Elf:3    | Got Iloxa's Encyclopedia of the Burn and the Rocks
 46514 | Elf:3    | Upgraded the game from 0.32-a0-450-g080537f31e to
                  | 0.32-a0-468-g38b2580584
 46847 | Crypt:1  | Entered Level 1 of the Crypt
 46914 | Crypt:1  | Reached skill level 19 in Unarmed Combat
 47409 | Crypt:1  | You fall into a shaft and drop 1 floor!
 47415 | Crypt:2  | Reached XP level 22. HP: 217/217 MP: 27/27
 47960 | Crypt:2  | Paralysed by a vampire knight for 4 turns
 48485 | Crypt:2  | Identified a scroll of acquirement
 48502 | Crypt:2  | Acquired ShangFenghuang's Exposition on Grim Coordinates
 48513 | Crypt:2  | Learned a level 4 spell: Passage of Golubria
 48518 | Crypt:2  | Learned a level 4 spell: Manifold Assault
 49129 | Crypt:3  | Entered Level 3 of the Crypt
 49411 | Crypt:3  | Found the ring of the Hare {EV+10}
 49549 | Crypt:3  | Got Sif Muna's Atlas of Carcasses and the Blizzard
 49649 | Crypt:3  | Found a staircase to the Tomb.
 49654 | Crypt:3  | Reached skill level 20 in Unarmed Combat
 49694 | Crypt:3  | Identified the +12 long sword "Welubeyq" {drain, Will+
                  | Str+2 Int+3 Stlth-}
 50115 | Crypt:3  | Identified the staff "Garph" {rF+ rN+ Necro}
 50267 | Crypt:3  | Found an ancient bone altar of Kikubaaqudgha.
 50267 | Crypt:3  | Noticed an ancient lich
 50721 | Depths:1 | Entered Level 1 of the Depths
 50776 | Depths:1 | Noticed Saint Roka
 50785 | Depths:1 | Killed Saint Roka
 51238 | Depths:1 | Found Ceibued's Jewellery Boutique.
 51243 | Depths:1 | Found Zafeasic's Antique Armour Shop.
 51245 | Depths:1 | Found Peiratt Buuc's Armour Boutique.
 51512 | Depths:1 | Found a gateway to Hell.
 51657 | Depths:1 | Noticed Norris
 51662 | Depths:1 | Killed Norris
 51860 | Depths:1 | Found a burning altar of Makhleb.
 51977 | Depths:2 | Noticed Mara
 51981 | Depths:2 | Noticed ShangFenghuang's illusion
 51994 | Depths:2 | Killed Mara
 51995 | Depths:2 | Reached XP level 23. HP: 231/231 MP: 28/28
 52235 | Depths:2 | Learned a level 2 spell: Blink
 52251 | Depths:2 | Reached skill level 21 in Unarmed Combat
 52963 | Depths:2 | Identified the amulet "Qipt" {Regen+ rCorr Int+5 Dex-4}
 53351 | Depths:2 | Found a one-way gate leading to the halls of Pandemonium.
 53664 | Depths:3 | Reached skill level 15 in Fighting
 53826 | Depths:3 | Found a corrupted altar of Lugonu.
 53826 | Depths:3 | Found a one-way gate to the infinite horrors of the Abyss.
 54050 | Depths:3 | Noticed a juggernaut
 54052 | Depths:3 | Noticed a caustic shrike
 54060 | Depths:3 | Killed a juggernaut
 54061 | Depths:3 | Killed a caustic shrike
 54099 | Depths:3 | Identified the +1 ring mail of the Iron Devil {rPois rCorr
                  | Str+3}
 54351 | Depths:3 | Got the Thoughts on the Warped Pestle
 54397 | Depths:4 | Entered Level 4 of the Depths
 54411 | Depths:4 | Reached skill level 22 in Unarmed Combat
 54655 | Depths:4 | Found a gate to the Realm of Zot.
 54660 | Depths:4 | Reached skill level 15 in Shields
 55013 | Depths:4 | Reached XP level 24. HP: 247/247 MP: 28/28
 55087 | Depths:4 | Identified the orb "Qeipo" {light, Tloc}
 55087 | Depths:4 | Noticed Frederick
 55093 | Depths:4 | Killed Frederick
 55641 | Depths:4 | Found a one-way gateway to a ziggurat.
 56185 | Vaults:5 | Entered Level 5 of the Vaults
 56453 | Vaults:5 | Reached skill level 23 in Unarmed Combat
 56515 | Vaults:5 | Found Esunil's Magic Scroll Boutique.
 56517 | Vaults:5 | Noticed an ancient lich
 56525 | Vaults:5 | Noticed an ancient lich
 56526 | Vaults:5 | Killed an ancient lich
 56529 | Vaults:5 | Killed an ancient lich
 56545 | Vaults:5 | Found Ruxoyqoym's Antique Armour Shoppe.
 56549 | Vaults:5 | Found Lummaont's Jewellery Shoppe.
 56724 | Vaults:5 | Found Zouqowedi's Book Boutique.
 56785 | Vaults:5 | Got a silver rune of Zot
 56841 | Vaults:5 | Found Semmin's Magic Scroll Boutique.
 56846 | Vaults:5 | Bought a scroll of teleportation for 39 gold pieces
 56846 | Vaults:5 | Bought a scroll of teleportation for 39 gold pieces
 56853 | Vaults:5 | Found Ahuum's Distillery.
 56861 | Vaults:5 | Bought a potion of heal wounds for 70 gold pieces
 56861 | Vaults:5 | Bought a potion of heal wounds for 70 gold pieces
 56861 | Vaults:5 | Bought a potion of might for 56 gold pieces
 57323 | Vaults:5 | Found Vulia's Book Shoppe.
 57615 | Vaults:5 | Bought the amulet "Gienov" {Spirit rC+ Will+ Dex+8} for
                  | 1062 gold pieces
 57989 | Zot:1    | Entered Level 1 of the Realm of Zot
 58002 | Zot:1    | Reached XP level 25. HP: 258/258 MP: 28/28
 58026 | Zot:1    | Reached skill level 24 in Unarmed Combat
 59328 | Zot:2    | Noticed an orb of fire
 59331 | Zot:2    | Killed an orb of fire
 59372 | Zot:2    | Identified the scarf "Wehorrujo" {repulsion, Fly rF+ Str+3
                  | Int+2}
 59429 | Zot:2    | Reached skill level 25 in Unarmed Combat
 59712 | Zot:3    | Identified the +1 pair of gloves "Vykiarr" {Fly rF- rN+
                  | Str+4 Int+3}
 61032 | Zot:4    | Reached skill level 26 in Unarmed Combat
 61214 | Zot:5    | Entered Level 5 of the Realm of Zot
 61344 | Zot:5    | Reached XP level 26. HP: 274/274 MP: 28/28
 63764 | Zot:5    | Noticed a dread lich
 63766 | Zot:5    | Paralysed by something for 5 turns
 63788 | Zot:5    | Paralysed by something for 2 turns
 63790 | Zot:5    | Killed a dread lich
 63974 | Zot:5    | Noticed an orb of fire
 63974 | Zot:5    | Gained mutation: Your system is resistant to poisons.
                  | (rPois) [an orb of fire]
 63976 | Zot:5    | Gained mutation: You occasionally shout uncontrollably at
                  | your foes. [an orb of fire]
 63982 | Zot:5    | Killed an orb of fire
 63987 | Zot:5    | Noticed an orb of fire
 63991 | Zot:5    | Noticed an orb of fire
 63991 | Zot:5    | Lost mutation: Your muscles are strong. (Str +4, Int/Dex
                  | -1) [an orb of fire]
 63993 | Zot:5    | Lost mutation: You are agile. (Dex +4, Str/Int -1) [an orb
                  | of fire]
 63993 | Zot:5    | Gained mutation: You occasionally lose the ability to drink
                  | potions when taking damage. [an orb of fire]
 63995 | Zot:5    | Killed an orb of fire
 63996 | Zot:5    | Reached skill level 27 in Unarmed Combat
 63997 | Zot:5    | Killed an orb of fire
 63998 | Zot:5    | Noticed a dread lich
 63998 | Zot:5    | Noticed an orb of fire
 64003 | Zot:5    | Killed an orb of fire
 64004 | Zot:5    | Noticed an ancient lich
 64004 | Zot:5    | Killed a dread lich
 64010 | Zot:5    | Killed an ancient lich
 64014 | Zot:5    | Noticed an ancient lich
 64015 | Zot:5    | Noticed an ancient lich
 64019 | Zot:5    | Killed an ancient lich
 64020 | Zot:5    | Noticed a dread lich
 64021 | Zot:5    | Killed an ancient lich
 64024 | Zot:5    | Killed a dread lich
 64024 | Zot:5    | Noticed a dread lich
 64027 | Zot:5    | Killed a dread lich
 64545 | Zot:5    | Lost mutation: You occasionally lose the ability to drink
                  | potions when taking damage. [potion of mutation]
 64545 | Zot:5    | Lost mutation: You heal very quickly. [potion of mutation]
 64545 | Zot:5    | Lost mutation: Your system is resistant to poisons. (rPois)
                  | [potion of mutation]
 64545 | Zot:5    | Gained mutation: You are robust. (+10% HP) [potion of
                  | mutation]
 64807 | Zot:5    | Got the Orb of Zot
 64820 | Zot:5    | Noticed Wurollet the pandemonium lord
 64823 | Zot:5    | Noticed Ogiutyk the pandemonium lord
 64845 | Zot:5    | Killed Wurollet the pandemonium lord
 64845 | Zot:5    | Killed Ogiutyk the pandemonium lord
 65051 | Depths:4 | Gained mutation: You are weak. (Str -2) [a cacodemon]
 65135 | Depths:2 | Gained mutation: You are clumsy. (Dex -2) [a cacodemon]
 65166 | Depths:1 | Found the +7 lajatang of Order {silver, rMut}
 65317 | D:13     | Reached XP level 27. HP: 312/312 MP: 28/28
 65543 | D:1      | Noticed Boihoc the pandemonium lord
 65588 | D:$      | Escaped with the Orb!

Illustrated notes

Levels and vault maps discovered:
D:1:      evilmike_arrival_rings, layout_basic
D:2:      layout_loops_ring, basic_ecumenical_altar, hangedman_decor_growths
D:3:      layout_basic, uniq_grinder
D:4:      layout_basic, chequers_temple_overflow_statue_of_worship,
          serial_shops, nicolae_diamond_shop, chequers_ossuary_entry_cave,
          minmay_cut_off, uniq_robin
D:5:      layout_loops_ring
D:6:      layout_rooms, okawaru_ov_weapons_minmay, lemuel_temple_firewalk_a
D:7:      layout_loops_corners, water_boxes_lemuel
D:8:      minmay_evil_eye, layout_basic
D:9:      layout_long_grid, grunt_qazlal_clouds, enter_bailey_5,
          small_statue_intersection
D:10:     layout_loops_ring, mainiacjoe_overflow_alcove_4, erik_lair_dragon,
          nicolae_stop_n_shop_2, uniq_erolcha
D:11:     layout_layer_cave
D:12:     layout_grid_maze, hiddenorc2_lemuel, nicolae_tso_swordbearing_angel
D:13:     layout_roguey, serial_shops, shop, amethyst_killhole, uniq_lodul
D:14:     layout_layer_cave, grunt_vaults_entry_tiered,
          chequers_serial_rivers_micro_c, nrook_guardian_serpent_ordinary
D:15:     hangedman_spin_cycle
Temple:   hellmonk_temple_divided_pantheon
Lair:1:   layout_chaotic_city
Lair:2:   layout_chaotic_city, hellmonk_spider_entry_not_the_bees,
          gammafunk_ghost_wrathful_warriors, grunt_megastairs_4, uniq_nergalle
Lair:3:   layout_gridlike, swamp_mist_pool, serial_bayou_ford_a
Lair:4:   layout_gridlike
Lair:5:   minmay_lair_end_frog_pond, layout_gridlike, minmay_slime_entry_eyes,
          uniq_kirke
Swamp:1:  layout_falls_marsh, evilmike_swamp_ruin_house_2
Swamp:2:  layout_basic_swamp, nicolae_swamp_godswood, swamp_pool_3,
          nicolae_swamp_tree_isthmus, uniq_roxanne
Swamp:3:  layout_basic_swamp, hangedman_swamp_blocks
Swamp:4:  swamp_alternative, layout_basic_swamp,
          beargit_guarded_unrand_captain_cutlass, nicolae_swamp_long_stream
Spider:1: lemuel_spider_zombies, nicolae_spider_world_wide_web, uniq_aizul,
          uniq_donald, uniq_azrael, uniq_nikola
Spider:2: layout_spider_delve, uniq_agnes, uniq_arachne, uniq_asterion,
          uniq_mlioglotl
Spider:3: layout_spider_delve
Spider:4: spider_rune_water, nicolae_orb_island
Orc:1:    layout_caves, nicolae_orc_crystal_seam, nicolae_orc_pool_cavern
Orc:2:    st_orc_congregation, layout_diamond_mine, uniq_josephine,
          uniq_jorgrun, uniq_sonja
Elf:1:    eino_elf_arrival_sip, layout_gridlike, serial_shops, shop,
          minmay_elf_demonology, minmay_shoptagon, grunt_megastairs_2
Elf:2:    elven_hall_of_blades_hangedman_original
          [nicolae_blade_entry_hurt_lockers], layout_rooms,
          gammafunk_ghost_berserking_beasts
Elf:3:    minmay_elf_hall_x, layout_geoelf_diagonals, serial_shops,
          nicolae_shop_trees, nicolae_elf_w_pinch, corexii_checkpoint,
          uniq_louise
Vaults:1: v_pattern_5, nicolae_vaults_mitosis, v_alt_pattern_5,
          nicolae_vaults_trapezoid_lopsided_2, vaults_standard_mumra_x,
          nicolae_vaults_house_1, hangedman_vaults_variations,
          nicolae_vaults_little_squares_2, hangedman_vaults_snaps,
          ontoclasm_vaults_shuriken, layout_vaults_big_room, uniq_zenata
Vaults:2: minmay_crypt_entry_simple_round, lightli_church_of_beogh,
          nicolae_vaults_border_crossing, nicolae_vaults_sightless_eye,
          nicolae_vaults_diagonal_hallway_8, vaults_room_semicircle,
          nicolae_vaults_ninety_degrees, nicolae_vaults_double_plus_2,
          nicolae_vaults_network_periphery, nicolae_vaults_three_branches,
          nicolae_vaults_little_squares_5, nicolae_vaults_cochlea,
          nicolae_vaults_trapezoid_lopsided_4, ontoclasm_vaults_bender,
          v_misc_31, layout_vaults_omnibox, serial_shops, shop_statue
Vaults:3: infiniplex_enter_wizlab_glasses, nicolae_vaults_diamond_2,
          vaults_room_fours, lightli_orcish_oven, vaults_room_octagon,
          nicolae_vaults_diamond_1, nicolae_vaults_angled_halls,
          nicolae_vaults_tangram_2, grunt_vaults_twisty, vaults_room_door_ring,
          vaults_dpeg_ring, nicolae_vaults_closet_pinwheel_4,
          layout_vaults_maze_snakey, uniq_mennas
Vaults:4: portal_desolation_entry_twin_temple, nicolae_vaults_storage_closets_3,
          hangedman_vaults_impose, nicolae_vaults_tetromino_Z_2,
          ontoclasm_vaults_chip, nicolae_vaults_tetromino_L_2, v_misc_9,
          nicolae_vaults_trapezoid_lopsided_1, hangedman_vaults_maws,
          nicolae_vaults_storage_room_doors, v_misc_16,
          nicolae_vaults_trapezoid_2, v_misc_22, layout_vaults_omnicross
Vaults:5
Crypt:1:  layout_regular_city
Crypt:2:  layout_catacombs
Crypt:3:  quadcrypt_mu
Depths:1: layout_cave_shapes, minmay_door_square, grunt_hell_entry_dis_grunt,
          minmay_misc_feat_four_crosses, makhleb_altar_promises_db,
          serial_bayou_shore_b, minmay_shop_star, firewood_loft,
          uniq_saint_roka, uniq_norris
Depths:2: hangedman_cross_cluster, layout_basic, roderic_lattice_a, hell_entry,
          rand_demon_pan_entry_4, infiniplex_staircase_pillars_3a,
          serial_bayou_shore_b, uniq_mara
Depths:3: lemuel_traditional_vault, layout_cave_pools, pan_entry,
          abyss_entry_flame_altar, nicolae_tricolors, hell_entry
Depths:4: grunt_zot_entry_gee_three, layout_gridville, enter_ziggurat_f,
          minmay_misc_feat_plants, grunt_mini_vestibule, uniq_frederick
Zot:1:    layout_onion_interference, zot_minivault_5
Zot:2:    layout_onion
Zot:3:    kennysheep_blocky_room, layout_twisted_circle, skrybe_zot_glass_2
Zot:4:    layout_gridlike, regret_index_zotdec_stipple_waver,
          hangedman_zot_wheel_spokes, regret_index_zotdec_decaying_basic
Zot:5:    layout_gridlike

Skill      XL: |  1  2  3  4  5  6  7  8  9 10 11 12 13 14 15 16 17 18 19 20 21 22 23 24 25 26 |
---------------+-------------------------------------------------------------------------------+-----
Shields        | 3 4 5 6 7 8 9 10 11 13 14 15 16 17 | 17.0
Unarmed Combat | 3 4 5 6 7 9 11 12 13 15 16 17 19 20 22 23 26 27 | 27.0
Dodging        | 3 4 5 6 7 8 9 |  9.9
Fighting       | 3 4 5 6 7 8 9 10 11 12 14 15 16 18 20 | 20.2
Shapeshifting  | 9 13 17 19 20 21 22 23 | 23.6
Translocations | 4 7 11 | 11.1
Spellcasting   | 3 4 |  4.4
Air Magic      | 4 |  4.4

Action                     |  1- 3 |  4- 6 |  7- 9 | 10-12 | 13-15 | 16-18 | 19-21 | 22-24 | 25-27 || total
---------------------------+-------+-------+-------+-------+-------+-------+-------+-------+-------++-------
  Melee: Unarmed           |   105 |   188 |   276 |   857 |  1002 |  1537 |  1510 |  1519 |   736 ||  7730
  Throw: Large rock        |       |       |       |       |       |     2 |       |       |       ||     2
   Cast: Lesser Beckoning  |       |       |       |       |       |    21 |     3 |       |     9 ||    33
         Vhi's Electric Ch |       |       |       |       |       |       |     2 |     4 |     9 ||    15
         Manifold Assault  |       |       |       |       |       |       |       |     2 |       ||     2
 Invoke: Serpent's Lash    |       |       |       |       |     4 |     3 |     7 |    11 |     8 ||    33
         Heavenly Storm    |       |       |       |       |       |     2 |     2 |     4 |     2 ||    10
Ability: Whirlwind         |       |       |    27 |   373 |   620 |   751 |   590 |   781 |   306 ||  3448
         Lunge             |       |       |    18 |    61 |    46 |    94 |   116 |    97 |    46 ||   478
         Wall Jump         |       |       |       |       |     3 |     1 |    10 |    36 |     3 ||    53
  Evoke: Box of beasts     |       |       |       |       |       |     1 |       |       |       ||     1
         Lightning rod     |       |       |       |       |       |       |     1 |       |       ||     1
    Use: Scroll            |     2 |     7 |     7 |     7 |     9 |    16 |     4 |     4 |    15 ||    71
         Potion            |       |     2 |     2 |     9 |     9 |    13 |    16 |     2 |    11 ||    64
   Stab: Sleeping          |       |       |     2 |     1 |     1 |       |     1 |       |       ||     5
         Distracted        |       |       |       |     2 |     3 |     3 |     1 |     1 |     1 ||    11
         Held in net/web   |       |       |       |       |       |     1 |       |       |       ||     1
         Invisible         |       |       |       |       |       |       |     3 |       |     1 ||     4
 Armour: Robe              |    50 |    67 |    84 |    21 |       |       |       |       |       ||   222
         Troll leather arm |       |       |       |   259 |    89 |       |       |     4 |       ||   352
         Skin              |       |       |       |     2 |   658 |  1563 |  1057 |   930 |   715 ||  4925
  Dodge: Dodged            |    35 |    89 |   110 |   385 |   771 |   860 |   556 |   508 |   333 ||  3647
         Repelled          |       |       |       |       |       |       |       |       |    10 ||    10
  Block: Kite shield       |    52 |    65 |    91 |   389 |   772 |  1583 |  1137 |  1001 |   196 ||  5286
         Reflection        |       |       |       |       |     7 |    40 |    87 |    42 |     9 ||   185
         Tower shield      |       |       |       |       |       |       |       |       |   742 ||   742
   Form: Statue            |       |       |       |       |     1 |       |       |     1 |       ||     2
         Death             |       |       |       |       |       |       |       |     1 |       ||     1

Table legend: (Time is in decaauts)
 A = Elapsed time spent in this place.
 B = Non-inter-level travel time spent in this place.
 C = Inter-level travel time spent in this place.
 D = Time resting spent in this place.
 E = Time spent auto-exploring this place.
 F = Levels seen in this place.
 G = Mean time per level.
                   A        B        C        D        E       F      G
               +--------+--------+--------+--------+--------+-----+--------+
         Total |  88266 |  82188 |   6078 |  23551 |  22836 |  52 | 1697.4 |
       Dungeon |  22051 |  19738 |   2313 |   4421 |   6580 |  15 | 1470.1 |
        Temple |     26 |     26 |      0 |      0 |      0 |   1 |   26.0 |
          Lair |   7867 |   7217 |    650 |   1820 |   2252 |   5 | 1573.4 |
         Swamp |   7411 |   7248 |    163 |   2974 |   1440 |   4 | 1852.8 |
   Spider Nest |   7560 |   7277 |    283 |   3087 |   1251 |   4 | 1890.0 |
  Orcish Mines |   2321 |   2042 |    279 |     58 |    927 |   2 | 1160.5 |
   Elven Halls |   4146 |   3932 |    214 |    136 |   1188 |   3 | 1382.0 |
        Vaults |  12118 |  11137 |    981 |   2602 |   2097 |   5 | 2423.6 |
         Crypt |   5489 |   5230 |    259 |    895 |   2064 |   3 | 1829.7 |
        Depths |   8694 |   8106 |    588 |   2164 |   3174 |   4 | 2173.5 |
           Zot |  10104 |   9759 |    345 |   5271 |   1861 |   5 | 2020.8 |
         Abyss |    474 |    474 |      0 |    118 |      0 |   1 |  474.0 |
               +--------+--------+--------+--------+--------+-----+--------+

Top non-repeatable levels by time:
   Zot:5: 5260 daAuts
Vaults:1: 3378 daAuts
Vaults:2: 3095 daAuts
    D:14: 2964 daAuts
Spider:4: 2907 daAuts
Depths:4: 2861 daAuts
Spider:3: 2590 daAuts
 Swamp:2: 2425 daAuts
Depths:2: 2420 daAuts
Vaults:5: 2339 daAuts
 Crypt:2: 2158 daAuts
    D:12: 2111 daAuts
   Elf:3: 2099 daAuts
 Crypt:3: 2000 daAuts
Depths:1: 1934 daAuts
